 Dungeon Crawl Stone Soup version 0.31-a0-214-gb37851dbb3 (webtiles) character file.

Game seed: 1671199821915074009

23 porpoise the Sneak (level 3, 0/24 HPs)
             Began as a Merfolk Enchanter on July 1, 2023.
             Succumbed to a scorpion's poison
             ... on level 2 of the Dungeon.
             The game lasted 00:03:06 (856 turns).

porpoise the Sneak (Merfolk Enchanter)               Turns: 856, Time: 00:03:06

Health: 0/24       AC:  2    Str:  8    XL:     3   Next: 0%
Magic:  1/6        EV: 12    Int: 16    God:
Gold:   70         SH:  0    Dex: 14    Spells: 4/6 levels left

rFire   . . .        a - +1 dagger
rCold   . . .        (no shield)
rNeg    . . .        e - +0 robe
rPois   .            (no helmet)
rElec   .            (no cloak)
rCorr   .            (no gloves)
SInv    .            (no boots)
Will    .....        (no amulet)
Stlth   ++           (no ring)
HPRegen 0.24/turn    (no ring)
MPRegen 0.10/turn

%: no passive effects
@: lethally poisoned (0 -> -5), invisible
A: (nimble swimmer 2), mertail
a: no special abilities


You were on level 2 of the Dungeon.
You visited 1 branch of the dungeon, and saw 2 of its levels.

You collected 70 gold pieces.

Inventory:

Hand Weapons
 a - a +1 dagger (weapon)
 b - a +0 sling
Missiles
 d - 4 datura-tipped darts
Armour
 e - a +0 robe (worn)
Magical Staves
 f - a staff of fire
Scrolls
 g - a scroll of enchant weapon {unknown}
 h - a scroll of blinking {unknown}
 i - 2 scrolls of fog {unknown}
Potions
 c - a potion of invisibility


   Skills:
 - Level 1.2 Short Blades
 - Level 2.6 Dodging
 + Level 3.7 Stealth
 + Level 2.3 Spellcasting
 - Level 3.1 Hexes
 * Level 1.2 Ice Magic


You had 4 spell levels left.
You knew the following spells:

 Your Spells              Type           Power      Damage    Failure   Level
e - Ensorcelled Hibernat  Hex/Ice        16%        N/A       12%         2

Your spell library contained the following spells:

 Spells                   Type           Power      Damage    Failure   Level
 Confusing Touch          Hex            12%        N/A       16%         3
 Tukima's Dance           Hex            12%        N/A       16%         3
 Foxfire                  Conj/Fire      4%         2x1d4     21%         1
 Dazzling Flash           Conj/Hex       12%        N/A       30%         3
 Fireball                 Conj/Fire      0%         3d3       99%         5
 Plasma Beam              Fire/Air       0%         2x1d10    100%        6
 Starburst                Conj/Fire      0%         6d3       100%        6


Dungeon Overview and Level Annotations

Branches:
Dungeon (2/15)

Altars:


Innate Abilities, Weirdness & Mutations

((You are very nimble when in or above water. (Stealth+, EV+, Speed+++)))
Your lower body shifts to a powerful aquatic tail in water.


Message History

You barely miss the scorpion.
The scorpion is severely wounded.
The scorpion closely misses you.
Your magical contamination has completely faded away.
You hit the scorpion but do no damage.
The scorpion is severely wounded.
The scorpion closely misses you.
You hit the scorpion but do no damage.
The scorpion is severely wounded.
The scorpion completely misses you.
You hit the scorpion but do no damage.
The scorpion is severely wounded.
The scorpion stings you. x2
* * * LOW HITPOINT WARNING * * *
You hit the scorpion but do no damage.
The scorpion is severely wounded.
The scorpion stings you but does no damage.
You closely miss the scorpion.
The scorpion is severely wounded.
The scorpion misses you.
You hit the scorpion but do no damage.
The scorpion is severely wounded.
The scorpion misses you.
You hit the scorpion.
The scorpion is almost dead.
The scorpion stings you.
* * * LOW HITPOINT WARNING * * *
You are lethally poisoned!
The scorpion poisons you!
Casting: Ensorcelled Hibernation (safe; 12% risk of failure)
Confirm with . or Enter, or press ? or * to list all spells.
You don't have enough magic to cast this spell.
You barely miss the scorpion.
The scorpion is almost dead.
* * * LOW HITPOINT WARNING * * *
You feel sick. The scorpion stings you.
* * * LOW HITPOINT WARNING * * *
The scorpion closely misses you.
You fade into invisibility!
You die...

############
......s@...#
#########.##
#.# #.##.###
#.#....#
#>##.#.# #.
#.#.#
#.##.#.# ..
#.#....#...


You could see a scorpion (unable to see you).

Vanquished Creatures
  An adder (D:2)
  4 ball pythons (D:1)
  A bat (D:1)
  2 giant cockroaches (D:1)
  A hobgoblin (D:1)
  2 kobolds (D:1)
  2 rats (D:1)
13 creatures vanquished.

Notes
Turn   | Place    | Note
-------+----------+-------------------------------------------
     0 | D:1      | porpoise the Merfolk Enchanter began the quest for the Orb.
     0 | D:1      | Reached XP level 1. HP: 13/13 MP: 3/3
   230 | D:1      | Reached XP level 2. HP: 19/19 MP: 5/5
   235 | D:1      | Learned a level 2 spell: Ensorcelled Hibernation
   458 | D:1      | Found a faded altar of an unknown god.
   811 | D:2      | Reached skill level 1 in Ice Magic
   811 | D:2      | Reached XP level 3. HP: 24/24 MP: 6/6
   836 | D:2      | Noticed a scorpion
   855 | D:2      | HP: 1/24 [scorpion (3)]
   856 | D:2      | Succumbed to a scorpion's poison

Illustrated notes

Levels and vault maps discovered:
D:1:      ncdulo_wetmaze, layout_basic, hellmonk_ecumenical_altar_heavens_door
D:2:      layout_basic, kennysheep_path_1, minmay_heptomino_l4

Skill      XL: |  1  2 |
---------------+-------+-----
Ice Magic      | 1 |  1.2
Short Blades   | |  1.2
Dodging        | |  2.6
Stealth        | |  3.7
Spellcasting   | |  2.3
Hexes          | |  3.1

Action                     || total
---------------------------++-------
  Melee: Dagger            ||    51
   Fire: Sling             ||     1
   Cast: Ensorcelled Hiber ||     4
    Use: Potion            ||     1
   Stab: Sleeping          ||     7
 Armour: Robe              ||     4
  Dodge: Dodged            ||    37

Table legend: (Time is in decaauts)
 A = Elapsed time spent in this place.
 B = Non-inter-level travel time spent in this place.
 C = Inter-level travel time spent in this place.
 D = Time resting spent in this place.
 E = Time spent auto-exploring this place.
 F = Levels seen in this place.
 G = Mean time per level.
                   A        B        C        D        E       F      G
               +--------+--------+--------+--------+--------+-----+--------+
         Total |    843 |    807 |     36 |     66 |    604 |   2 |  421.5 |
       Dungeon |    843 |    807 |     36 |     66 |    604 |   2 |  421.5 |
               +--------+--------+--------+--------+--------+-----+--------+

Top non-repeatable levels by time:
     D:1: 794 daAuts
     D:2: 49 daAuts
